AoeStats
← Barriletecosmico

Arabia

508521321Analyzed
1v1 RM · 8d ago on Sep 22, 2026· 39m 40s· 2 players
Game mode
Random Map
Map size
Tiny (2 player)
Population
200
Speed
Normal
Resources
Standard
Victory
Conquest
Starting age
Dark Age
Ending age
Imperial Age
RankedLock teamsTeams togetherTeam positionsShared explorationLock speedFull tech treeHidden civsTurbo modeCheats
Victory
Defeat
🇦🇷 Maya · Argentina
1602
+10
🇺🇸 Random · United States
1463
-10
KombatWombat
6:46 Loom
6:49 Loom
9:09 Feudal Age
7:42 Loom
11:48 Double-Bit Axe
11:47 Horse Collar
14:26 Fletching
17:27 Padded Archer Armor
19:44 Wheelbarrow
22:37 Castle Age
20:48 Gold Mining
21:53 Scale Mail Armor
21:51 Stone Mining
23:24 Bodkin Arrow
22:50 Crossbowman
24:06 Bow Saw
33:32 Elite Skirmisher
41:02 Imperial Age
39:50 Leather Archer Armor
39:52 Chain Mail Armor
40:03 Thumb Ring
Barriletecosmico
0:25 Loom
9:01 Feudal Age
9:02 Man-at-Arms
9:28 Double-Bit Axe
14:42 Fletching
20:51 Castle Age
20:02 Gold Mining
19:52 Horse Collar
20:59 Crossbowman
21:37 Bodkin Arrow
23:55 Padded Archer Armor
24:26 Bow Saw
24:54 Ballistics
33:11 Heavy Plow
36:04 Imperial Age
35:53 Wheelbarrow
35:57 Thumb Ring
36:10 Arbalester
37:08 Bracer
38:41 Chemistry
40:20 Leather Archer Armor
Connection lost

Rejoining the realm…

Still unreachable

The connection could not be restored.

Session expired

The server has moved on; the page needs a fresh start.